 Dungeon Crawl Stone Soup version 0.29.0-11-gd7f09526c8 (webtiles) character file.

Game seed: 7576526457615470090

4173 funkygono the Arsonist (level 10, -1/56 HPs)
             Began as a Gargoyle Fire Elementalist on Sept 3, 2022.
             Was a Believer of Vehumet.
             Slain by a two-headed ogre
             ... wielding a +0 giant club
              (7 damage)
             ... on level 9 of the Dungeon.
             The game lasted 00:16:49 (10502 turns).

funkygono the Arsonist (GrFE)                      Turns: 10502, Time: 00:16:49

Health: -1/56      AC: 23    Str: 13    XL:     10   Next: 28%
Magic:  24/30      EV: 12    Int: 19    God:    Vehumet [**....]
Gold:   1788       SH:  0    Dex: 10    Spells: 13/24 levels left

rFire   . . .      SeeInvis .   f - +4 long sword (vorpal)
rCold   . . .      Faith    .   (no shield)
rNeg    + . .      Spirit   .   E - +1 steam dragon scales
rPois   ∞          Reflect  .   A - +0 helmet
rElec   +          Harm     .   g - +1 cloak
rCorr   .          Rampage  .   (no gloves)
Will    .....                   k - +1 pair of boots
Stlth   ++........              (no amulet)
HPRegen 0.18/turn               c - +4 ring of protection
MPRegen 0.22/turn               C - ring of magical power

@: hasted, very quick
A: sickness immunity, AC +7, negative energy resistance 1, electricity
resistance, torment resistance 1, petrification resistance
a: Renounce Religion


You were on level 9 of the Dungeon.
You worshipped Vehumet.
Vehumet was pleased with you.
You visited 2 branches of the dungeon, and saw 10 of its levels.

You collected 1788 gold pieces.

Inventory:

Hand Weapons
 f - a +4 vorpal long sword (weapon)
 x - a +2 vorpal dire flail
Armour
 a - a +0 robe
 d - a +0 cloak
 g - a +1 cloak (worn)
 k - a +1 pair of boots (worn)
 w - +0 swamp dragon scales
 z - a +0 buckler of protection
 A - a +0 helmet (worn)
 E - +1 steam dragon scales (worn)
Jewellery
 c - a +4 ring of protection (left hand)
 j - a ring of willpower
 y - a ring of see invisible
 C - a ring of magical power (right hand)
 F - a ring of ice
Wands
 m - a wand of paralysis (15)
 D - a wand of polymorph (9)
Scrolls
 e - 2 scrolls of silence
 o - a scroll of poison
 p - a scroll of butterflies
 v - a scroll of blinking
 B - 4 scrolls of identify
Potions
 b - 4 potions of magic
 h - 6 potions of curing
 i - 3 potions of flight
 l - 2 potions of might
 n - a potion of mutation {unknown}
 r - a potion of attraction
 s - 2 potions of ambrosia
 t - a potion of brilliance
 u - 2 potions of lignification


   Skills:
 + Level 3.3 Fighting
 + Level 3.2 Long Blades
 + Level 2.2 Armour
 + Level 3.4 Dodging
 + Level 4.5 Stealth
 + Level 7.6 Spellcasting
 + Level 6.1 Conjurations
 + Level 8.3 Fire Magic


You had 13 spell levels left.
You knew the following spells:

 Your Spells              Type           Power      Damage    Failure   Level
a - Foxfire               Conj/Fire      100%       2x1d9     1%          1
b - Scorch                Fire           76%        2d9       1%          2
c - Conjure Flame         Conj/Fire      34%        6-21      1%          3
d - Flame Wave            Conj/Fire      34%        2d10      4%          4
e - Freeze                Ice            28%        1d5       10%         1

Your spell library contained the following spells:

 Spells                   Type           Power      Damage    Failure   Level
 Poisonous Vapours        Pois/Air       14%        N/A       14%         2
 Inner Flame              Hex/Fire       23%        N/A       4%          3
 Confusing Touch          Hex            7%         N/A       28%         3
 Irradiate                Conj/Tmut      9%         3d14      58%         5
 Blade Hands              Tmut           3%         N/A       95%         5
 Yara's Violent Unravell  Hex/Tmut       3%         3d4       95%         5
 Dragon Form              Tmut           3%         N/A       100%        7
 Enfeeble                 Hex            3%         N/A       100%        7


Dungeon Overview and Level Annotations

Branches:
Dungeon (9/15)             Temple (1/1) D:5
   Lair: D:8-11         Orc: D:9-12

Altars:
Ashenzari
Cheibriados
Elyvilon
Fedhas
Gozag
Hepliaklqana
Makhleb
Nemelex Xobeh
Okawaru
Ru
Sif Muna
Trog
Uskayaw
Vehumet
Wu Jian
Xom
Zin
The Shining One

Shops:
D:1 *   D:9 **


Innate Abilities, Weirdness & Mutations

You are immune to sickness and miasma.
Your stone body is resilient. (AC +7)
You are immune to poison.
You resist negative energy. (rN+)
You are resistant to electric shocks. (rElec)
You are resistant to unholy torment.
You are immune to petrification.


Message History

The two-headed ogre's fire resistance burns away.
The foxfire hits the troll.
The troll is heavily wounded.
The foxfire hits the troll.
The troll is heavily wounded.
The troll barely misses you.
The troll claws you but does no damage. x2
The troll attacks as you move away! The troll barely misses you.
The troll claws you but does no damage. The troll closely misses you.
The troll attacks as you move away! The troll bites you but does no damage.
The troll barely misses you. The troll closely misses you. The troll bites you.
The troll claws you. The troll closely misses you.
The two-headed ogre attacks as you move away!
The two-headed ogre closely misses you.
The two-headed ogre hits you with a +0 dire flail!
* * * LOW HITPOINT WARNING * * *
The two-headed ogre is no longer more vulnerable to fire.
Casting: Scorch (safe; 1% risk of failure)
Confirm with . or Enter, or press ? or * to list all spells.
You conjure some foxfire!
The foxfire hits the two-headed ogre.
The two-headed ogre is moderately wounded.
The troll bites you but does no damage.
The troll claws you but does no damage. x2
Casting: Foxfire (safe; 1% risk of failure)
Confirm with . or Enter, or press ? or * to list all spells.
Flames lash the rust devil.
The rust devil completely resists.
The foxfire hits the troll!
The troll is heavily wounded.
The troll misses you.
The troll claws you but does no damage. x2
The kobold demonologist miscasts a cantrip.
The two-headed ogre attacks as you move away!
The two-headed ogre misses you.
The two-headed ogre hits you with a +0 dire flail!
* * * LOW HITPOINT WARNING * * *
You feel yourself speed up. The troll bites you but does no damage.
The troll claws you.
* * * LOW HITPOINT WARNING * * *
The troll claws you but does no damage.
The kobold demonologist mumbles some strange words.
The two-headed ogre completely misses you.
The two-headed ogre hits you with a +0 dire flail!
You die...

...###.##...............#
...#...##...........##.##
.......##........##.##.#
.......##........##.##.#
.................##.##.#
##.#.#..............##.####
.....+..........>.........#
######...........####.###.#
#.......#.####+#@......##.#
#.##....#......#OT#....##.#
.......#.......#4.##..###.#
##(...).......#..##......#
#...)#.).....5..##.######
#..).#.......#K.##.#
###..).##+#....#3.##.#
.....).##.######5.##.#
........#..#♣∩♣#..##.#


You could see a two-headed ogre, a rust devil (summoned), a kobold demonologist,
a troll, a smoke demon (summoned), a quasit (summoned) and a shadow imp
(summoned).

Vanquished Creatures
  A two-headed ogre (D:9)
  Maggie (D:6)
  A hornet (D:7)
  Prince Ribbit (D:6)
  A wyvern (D:8)
  A steam dragon (D:8)
  A water moccasin (D:6)
  2 ice beasts (D:5)
  3 orc warriors
  2 ogres
  2 phantoms
  A kobold brigand (D:7)
  A bullfrog (D:8)
  A gnoll sergeant (D:9)
  3 scorpions
  4 wights (D:8)
  A jelly (D:4)
  5 howler monkeys
  5 orc priests
  4 hounds
  2 gnoll boudas
  An iguana (D:5)
  10 orc wizards
  2 hound zombies (D:3)
  18 gnolls
  5 adders
  A white imp (D:4)
  4 ufetubi
  An adder zombie (D:3)
  2 worms (D:2)
  4 dart slugs
  22 orcs
  5 ball pythons
  5 bats
  6 endoplasms
  3 giant cockroaches
  2 goblins
  5 hobgoblins
  8 jackals (D:5)
  A quokka (D:3)
  4 frilled lizards
  10 kobolds
  7 rats
169 creatures vanquished.

Vanquished Creatures (collateral kills)
  A foxfire (D:1)
1 creature vanquished.

Vanquished Creatures (others)
  646 foxfires
  3 withered plants (D:3)
649 creatures vanquished.

Grand Total: 819 creatures vanquished

Notes
Turn   | Place    | Note
-------+----------+-------------------------------------------
     0 | D:1      | funkygono the Gargoyle Fire Elementalist began the quest
                  | for the Orb.
     0 | D:1      | Reached XP level 1. HP: 10/10 MP: 3/3
   335 | D:1      | Reached XP level 2. HP: 15/15 MP: 3/5
   338 | D:1      | Learned a level 2 spell: Scorch
   751 | D:1      | Reached XP level 3. HP: 19/19 MP: 4/6
   755 | D:1      | Learned a level 3 spell: Conjure Flame
   889 | D:1      | Found a faded altar of an unknown god.
   991 | D:1      | Found Ceutt's General Store.
  2237 | D:3      | Reached XP level 4. HP: 16/24 MP: 1/7
  2368 | D:3      | Reached skill level 4 in Fire Magic
  2971 | D:4      | Reached XP level 5. HP: 28/28 MP: 6/9
  3261 | D:4      | Reached skill level 1 in Long Blades
  3261 | D:4      | Reached XP level 6. HP: 25/33 MP: 2/10
  3266 | D:4      | Learned a level 4 spell: Flame Wave
  4120 | D:4      | Identified a scroll of acquirement
  4120 | D:4      | Acquired 1348 gold pieces
  4147 | D:5      | Entered Level 5 of the Dungeon
  4163 | D:5      | Reached skill level 1 in Fighting
  4318 | D:5      | Reached skill level 5 in Fire Magic
  4318 | D:5      | Reached XP level 7. HP: 38/38 MP: 7/12
  4447 | D:5      | Found a staircase to the Ecumenical Temple.
  4596 | Temple   | Entered the Ecumenical Temple
  4626 | Temple   | Became a worshipper of Vehumet
  4711 | D:5      | Found a shimmering altar of Xom.
  5405 | D:5      | Found a blossoming altar of Fedhas.
  5412 | D:5      | Reached XP level 8. HP: 43/43 MP: 10/14
  5886 | D:6      | Reached skill level 5 in Spellcasting
  6081 | D:6      | Reached skill level 6 in Fire Magic
  6399 | D:6      | Reached * piety under Vehumet
  6399 | D:6      | Offered knowledge of Freeze by Vehumet.
  6455 | D:6      | Noticed Maggie
  6470 | D:6      | Killed Maggie
  6946 | D:6      | Reached XP level 9. HP: 48/48 MP: 14/17
  6948 | D:6      | Learned a level 1 spell: Freeze
  7124 | D:6      | Reached skill level 5 in Conjurations
  7426 | D:7      | Noticed a hornet
  7432 | D:7      | Killed a hornet
  7433 | D:7      | Reached skill level 1 in Armour
  7566 | D:7      | Found a snail-covered altar of Cheibriados.
  7762 | D:7      | Noticed Prince Ribbit
  7798 | D:7      | Reached skill level 7 in Fire Magic
  7836 | D:6      | Killed Prince Ribbit
  8827 | D:7      | Acquired a ring of see invisible
  9313 | D:8      | Found a glowing silver altar of Zin.
  9425 | D:8      | Offered knowledge of Poisonous Vapours by Vehumet.
  9454 | D:8      | Reached ** piety under Vehumet
  9460 | D:8      | Reached XP level 10. HP: 45/56 MP: 4/20
 10184 | D:9      | Noticed a two-headed ogre
 10192 | D:9      | Killed a two-headed ogre
 10193 | D:9      | Reached skill level 8 in Fire Magic
 10264 | D:9      | Found Keeppik's General Store.
 10266 | D:9      | Found Xuatinli's Specific Store.
 10476 | D:9      | Noticed a kobold demonologist
 10477 | D:9      | Noticed a two-headed ogre
 10478 | D:9      | Noticed a rust devil
 10480 | D:9      | Noticed a smoke demon
 10502 | D:9      | Slain by a two-headed ogre

Illustrated notes

Levels and vault maps discovered:
D:1:      dpeg_arrival_fog, layout_basic,
          hellmonk_ecumenical_altar_inner_sanctum, serial_shops,
          nicolae_shop_window_shopping, nrook_campfire
D:2:      layout_basic
D:3:      layout_loops_cross, serial_undead, serial_undead_b, serial_undead_d,
          serial_undead_a, serial_undead_c, minivault_24, minmay_statues_item,
          hangedman_decor_diamond_cutter
D:4:      layout_loops_corners
D:5:      layout_gridville, fedhas_altar_2, general_overflow_altar,
          minmay_temple_entry_overgrown
D:6:      layout_loops_corners, uniq_maggie
D:7:      layout_gridville, lemuel_doored_altar, kennysheep_opposing_triangles,
          uniq_prince_ribbit1
D:8:      layout_loops_corners, zin_statuary
D:9:      layout_basic, amcnicky_altar_gilded, nicolae_specific_store,
          kennysheep_generic_room_7
Temple:   eino_temple_lava

Skill      XL: |  1  2  3  4  5  6  7  8  9 10 |
---------------+-------------------------------+-----
Conjurations   | 2 3 4 5 6 |  6.1
Fire Magic     | 4 5 6 7 8 |  8.3
Stealth        | 3 4 |  4.5
Long Blades    | 1 2 3 |  3.2
Dodging        | 2 3 |  3.4
Spellcasting   | 3 4 5 7 |  7.6
Fighting       | 1 2 3 |  3.3
Armour         | 2 |  2.2

Action                   |  1- 3 |  4- 6 |  7- 9 | 10-12 || total
-------------------------+-------+-------+-------+-------++-------
Melee: Unarmed           |     7 |       |       |       ||     7
       Long sword        |     8 |    33 |    72 |    17 ||   130
       Punch             |       |     1 |     1 |       ||     2
 Cast: Foxfire           |    59 |    76 |   199 |    32 ||   366
       Scorch            |       |     4 |    41 |    12 ||    57
       Conjure Flame     |       |       |     3 |       ||     3
       Flame Wave        |       |       |     1 |       ||     1
  Use: Scroll            |     5 |     5 |    13 |       ||    23
       Potion            |       |       |     2 |     1 ||     3
 Stab: Sleeping          |     1 |       |       |     1 ||     2
Armor: Robe              |    16 |    36 |    24 |       ||    76
       Swamp dragon scal |       |       |    38 |       ||    38
       Steam dragon scal |       |       |    24 |    31 ||    55
Dodge: Dodged            |    22 |    35 |    94 |    28 ||   179
